 Dungeon Crawl Stone Soup version 0.18-a0-1526-gcb34c7c (console) character file.

538628 utis the Shatterer (level 26, -2/284 HPs)
             Began as an Ogre Wizard on Mar 2, 2016.
             Was the Champion of Lugonu.
             Splashed with acid (8 damage)
             ... on level 3 of the Pits of Slime on Mar 8, 2016.
             The game lasted 08:40:58 (120169 turns).

utis the Shatterer (Ogre Wizard)                  Turns: 120169, Time: 08:40:58

Health: -2/284     AC: 24    Str: 17      XL:     26   Next: 46%
Magic:  20/38      EV: 19    Int: 14 (15) God:    Lugonu [******]
Gold:   356        SH:  0    Dex: 14      Spells: 20 memorised, 0 levels left

rFire  + + +     SeeInvis .     a - +9 giant spiked club (elec)
rCold  . . .     Gourm    .     S - +6 fire dragon armour
rNeg   . . .     Faith    +     (shield currently unavailable)
rPois  +         Spirit   .     b - +2 hat
rElec  +         Dismiss  .     n - +2 cloak {MR+}
rCorr  +         Reflect  .     (gloves unavailable)
SustAt .         Harm     .     (boots unavailable)
MR     +++..                    H - amulet of faith {!P}
Stlth  ..........               E - +5 ring of evasion {=R}
                                g - ring of resist corrosion

@: resistant, very slightly contaminated, extremely resistant to hostile
enchantments, extremely unstealthy
A: unfitting armour, talons 1, clumsy 1, deterioration 1, dopey 1, low mp 1,
screaming 1, tough skin 1, weak 1, MP-powered wands
a: Depart the Abyss, Bend Space, Banish, Corrupt, Enter the Abyss, Brand Weapon
With Distortion, Renounce Religion
}: 2/15 runes: decaying, serpentine


You were on level 3 of the Pits of Slime.
You worshipped Lugonu.
Lugonu was exalted by your worship.
You were not hungry.

You visited 9 branches of the dungeon, and saw 49 of its levels.
You visited the Abyss 1 time.
You visited 2 bazaars.
You also visited: Sewer, Bailey, Ice Cave and Wizlab.

You collected 7433 gold pieces.
You spent 7077 gold pieces at shops.

Inventory:

Hand Weapons
 a - a +9 giant spiked club of electrocution (weapon)
 c - a +0 blowgun {@w1}
 m - the +7 giant spiked club of Cowardice {crush, +Fly MR+ Str+4 Dex+2}
   (Okawaru gifted it to you on level 1 of the Vaults)

   It inflicts extra damage upon your enemies.
   It affects your strength (+4).
   It affects your dexterity (+2).
   It affects your resistance to hostile enchantments.
   It lets you fly.
Missiles
 q - 13 tomahawks of dispersal {=f}
 A - 6 needles of paralysis
 G - 15 curare-tipped needles {=f}
 J - 17 javelins of penetration {=f}
 V - 147 large rocks (quivered)
 W - 5 throwing nets {=f}
Armour
 b - a +2 hat (worn)
 n - a +2 cloak of magic resistance (worn)
 S - a +6 fire dragon armour (worn)
Magical Staves
 j - an uncursed staff of wizardry {!a}
Rods
 M - a +9 rod of ignition (14/14) {!a}
   (You acquired it on level 2 of the Snake Pit)
Jewellery
 f - an uncursed ring of protection from fire
 g - a ring of resist corrosion (left hand)
 k - the ring "Gojotu" {rElec rF+ rN+ MR+ Int-5}
   (You found it on level 4 of the Lair of Beasts)

   [ring of protection from fire]

   It affects your intelligence (-5).
   It protects you from fire.
   It insulates you from electricity.
   It protects you from negative energy.
   It affects your resistance to hostile enchantments.
 v - an uncursed ring of see invisible
 C - an uncursed ring of protection from cold
 E - a +5 ring of evasion (right hand) {=R}
 H - an amulet of faith (around neck) {!P}
 L - an uncursed ring of flight
 O - a +4 ring of evasion
 P - an uncursed ring of poison resistance
Wands
 i - a wand of teleportation (0/9) {@v4}
 t - a wand of digging (5/24)
 x - a wand of teleportation (4/9) {@v4}
 Z - a wand of lightning (5/15)
Scrolls
 e - 4 scrolls of magic mapping
 h - 3 scrolls of silence {!r}
 o - 22 scrolls of identify {@r1}
 p - a scroll of fog
 I - 14 scrolls of remove curse {@r2}
 N - a scroll of vulnerability
 R - 4 scrolls of fear
Potions
 l - 2 potions of resistance
 u - 9 potions of flight
 w - 8 potions of brilliance
 D - 4 potions of berserk rage {!q}
 Q - 3 potions of cancellation
 T - 2 potions of magic
 Y - a potion of curing {@q1}
Miscellaneous
 z - a box of beasts {used: 7}
 B - a fan of gales
 F - a sack of spiders {used: 1}
 X - a phial of floods
Comestibles
 d - 5 bread rations {@e1}
 r - 4 meat rations {@e1}


   Skills:
 + Level 20.4 Fighting
 - Level 24.0 Maces & Flails
 + Level 13.6 Throwing
 - Level 11.1 Armour
 + Level 14.4 Dodging
 - Level 1.5 Stealth
 - Level 15.7 Spellcasting
 - Level 2.1 Conjurations
 + Level 13.1 Hexes
 - Level 6.0 Charms
 - Level 7.1 Summonings
 - Level 5.0 Necromancy
 - Level 8.3 Translocations
 - Level 1.0 Air Magic
   Level 1.1 Poison Magic
 + Level 12.0 Invocations
 - Level 7.1 Evocations


You couldn't memorise any spells.
You knew the following spells:

 Your Spells              Type           Power        Failure   Level  Hunger
a - Apportation           Tloc           ####......   1%          1    None
c - Regeneration          Chrm/Necr      ####......   10%         3    None
d - Passage of Golubria   Tloc           N/A          8%          4    ##.....
f - Cause Fear            Hex            #####.....   1%          4    ##.....
g - Shroud of Golubria    Chrm/Tloc      ####......   1%          2    None
k - Tukima's Dance        Hex            #####...     1%          3    None
p - Call Imp              Summ           ####....     1%          2    None
r - Repel Missiles        Chrm/Air       ###...       8%          2    None
u - Summon Mana Viper     Hex/Summ       #####...     10%         5    ####...
v - Blink                 Tloc           N/A          1%          2    None
w - Slow                  Hex            #####...     1%          2    None
x - Spectral Weapon       Hex/Chrm       #####...     1%          3    None
y - Dazzling Spray        Conj/Hex       ####....     2%          3    None
z - Magic Dart            Conj           ###.         10%         1    None
B - Summon Butterflies    Summ           ####....     1%          1    None
I - Invisibility          Hex            #####...     14%         6    ######.
S - Silence               Hex/Air        ####......   28%         5    ####...
T - Swiftness             Chrm/Air       ###.....     8%          2    None
X - Song of Slaying       Chrm           ####....     1%          2    None
Y - Confuse               Hex            #####...     1%          3    None


Dungeon Overview and Level Annotations

Branches:
Dungeon (15/15)            Temple (1/1) D:4            Lair (8/8) D:11
  Swamp (4/4) Lair:4        Snake (4/4) Lair:5        Slime (6/6) Lair:6
    Orc (2/2) D:9             Elf (0/3) Orc:2        Vaults (4/5) D:13
  Crypt (0/3) Vaults:3     Depths (5/5) D:15            Zot (0/5) Depths:5

Altars:
Ashenzari
Cheibriados
Dithmenos
Elyvilon
Fedhas
Gozag
Kikubaaqudgha
Makhleb
Nemelex Xobeh
Okawaru
Pakellas
Qazlal
Ru
Sif Muna
Trog
Vehumet
Xom
Yredelemnul
Zin
The Shining One
Beogh
Jiyva
Lugonu

Shops:
D:6 *}   D:9 !   Orc:1 [:[   Orc:2 =:(=   Vaults:1 ?}=?   Depths:1 :
Depths:3 [

Portals:
Hell: Depths:1 Depths:2 Depths:3 Depths:4 Depths:5
Abyss: Depths:4 Depths:5
Pandemonium: Depths:3 Depths:5
Ziggurat: Depths:5
Trove: Vaults:1 (lose all piety)

Annotations:
D:2 Ijyb
D:3 2 exclusions
D:6 exclusion: downstairs
D:9 exclusions: downstairs and 2 more exclusions
Lair:2 exclusion: downstairs
Lair:3 exclusion: downstairs
Vaults:3 exclusion: orange crystal statue


Innate Abilities, Weirdness & Mutations

You are too large for most types of armour.
You have tough skin (AC +1).
You have sharp toenails.
You are clumsy. (Dex -2)
Your body sometimes deteriorates upon taking damage.
You are dopey. (Int -2)
Your magical capacity is low (-10% MP).
You occasionally shout uncontrollably at your foes.
You are weak. (Str -2)
You expend magic power (3 MP) to strengthen your wands.


Message History

Sorry, you can't target what you can't see.
Okay, then.
Read which item? (? for menu, Esc to quit)
Blink to where?
Press: ? - help, Dir - move target cursor You are very lightly contaminated with residual magic.
As you read the scroll of blinking, it crumbles to dust.
The slime creature barely misses you.
There is an escape hatch in the ceiling here.
The slime creature hits you but does no damage.
A mysterious force pulls you upwards. The hatch slams shut behind you.
The slime creature quivers. x3; The jelly quivers.
The great orb of eyes turns its gaze towards you. 2 slime creatures come into view.
The walls burn you! You resist.
* * * LOW HITPOINT WARNING * * *
Casting: Blink
Confirm with . or Enter, or press ? or * to list all spells.
You blink.
The walls burn you! You resist.
You die...

..░░ ░░
.J░.░░.
.......
.......
.......░░
░......O░
░.....JJ░
.░G.JJJ§░
░░....J.░
░░░...░░
░░░░░


You could see a great orb of eyes, 6 slime creatures and a jelly.

Vanquished Creatures
  the Royal Jelly (Slime:6)
  A juggernaut (Depths:5)
  Boris (Vaults:4)
  An iron giant (Depths:5)
  A golden dragon (Depths:3)
  Xtahua (Vaults:4)
  A profane servitor (Abyss:2)
  A bone dragon (Swamp:4)
  12 liches
  A tentacled monstrosity (Depths:4)
  7 deep elf master archers
  15 acid blobs
  9 titans
  2 sphinxes
  Asterion (Depths:2)
  5 deep elf blademasters
  Frances (Swamp:2)
  A tengu reaver (Depths:4)
  7 storm dragons
  2 shadow dragons
  A draconian monk (Depths:5)
  A thorn hunter (Swamp:2)
  Kirke (Lair:7)
  10 azure jellies
  8 greater nagas
  26 fire giants
  A draconian knight (Depths:5)
  Wiglaf (Vaults:4)
  18 frost giants
  A balrug (Depths:2)
  Aizul (Vaults:3)
  8 vault wardens
  A deep elf sorcerer (Vaults:2)
  Maud (Lair:8)
  A deep elf elementalist (Depths:4)
  9 ironheart preservers
  12 very ugly things
  30 stone giants
  3 salamander stormcallers
  3 vampire knights
  A red draconian (Depths:5)
  2 deep elf demonologists
  4 mottled draconians
  A black draconian (Slime:4)
  2 purple draconians (Depths:5)
  11 spark wasps
  3 deep elf death magi
  15 ettins
  The ghost of Bnni the Cleaver, a journeyman DsFi of Okawaru (D:13)
  6 death oozes
  5 jiangshi
  12 fire dragons
  15 entropy weavers
  A great orb of eyes (shapeshifter) (Vaults:2)
  7 vault guards
  Erolcha (Orc:1)
  15 hydras
  17 yaktaur captains
  16 great orbs of eyes
  19 naga warriors
  12 ogre magi
  A juggernaut simulacrum (Depths:2)
  A catoblepas (shapeshifter) (Vaults:1)
  Erica (D:11)
  14 centaur warriors
  Harold (Lair:1)
  14 ice dragons
  6 spriggan air magi
  8 anacondas
  6 rakshasas
  The ghost of Uberwunderbarhen the Transmogrifier, a journeyman OpTm of Makhleb (D:11)
  The ghost of Uberwunderbarhen the Nimble, a journeyman OpTm of Makhleb (Lair:1)
  A catoblepas (D:13)
  A dancing weapon (Orc:2)
  2 death knights (Vaults:3)
  10 deep troll shamans
  5 ghost crabs
  5 death yaks (Lair:4)
  8 deep troll earth magi
  3 vampire magi
  A shock serpent (shapeshifter) (Abyss:3)
  9 alligators
  12 shock serpents
  6 spriggan berserkers
  22 naga sharpshooters
  A titan zombie (Abyss:3)
  Urug (Lair:4)
  7 tengu warriors
  3 orc high priests (Orc:2)
  5 thrashing horrors
  A wretched star (Abyss:3)
  14 deep elf knights
  Sonja (Lair:4)
  3 sun demons
  Nergalle (D:11)
  2 iron trolls
  3 salamander mystics
  2 spatial maelstroms
  3 shadow wraiths
  12 skeletal warriors
  A fire crab (Vaults:1)
  4 sea snakes (Snake:3)
  8 swamp dragons
  26 hell knights
  2 shambling mangroves (Swamp:2)
  11 naga ritualists
  A tengu zombie (Depths:2)
  7 giant orange brains
  6 deep elf archers
  3 flayed ghosts
  3 unseen horrors
  A torturous demonspawn (Depths:3)
  3 spectral hydras (Swamp:4)
  29 deep trolls
  A phantasmal warrior (Swamp:4)
  5 hill giants
  14 ironbrand convokers
  Pikel (D:7)
  A golden dragon skeleton (Depths:1)
  The ghost of confidenceinterval the Basher, a novice GrFi of Okawaru (Bailey)
  2 wizards (D:15)
  19 orc knights
  11 necromancers
  7 wolf spiders
  23 deep elf magi
  6 griffons
  14 mana vipers
  A hornet (shapeshifter) (Vaults:4)
  A sphinx skeleton (Depths:1)
  9 cyclopes
  52 ugly things
  6 orc sorcerers
  5 hornets
  An oklob plant (Lair:4)
  A frost giant zombie (Depths:2)
  5 shining eyes
  8 salamanders
  A manticore (D:12)
  A worldbinder (Abyss:3)
  2 iron dragon skeletons
  16 elephants
  A spriggan zombie (Depths:4)
  2 ice statues (IceCv)
  46 black mambas
  11 smoke demons
  4 eyes of devastation
  8 vault sentinels
  23 naga magi
  5 guardian serpents
  Psyche (D:12)
  A spiny frog (shapeshifter) (D:13)
  2 orange demons (Abyss:3)
  2 hellions
  A black mamba (shapeshifter) (Vaults:2)
  3 centaur skeletons
  A storm dragon simulacrum (Depths:4)
  2 gargoyles
  A torpor snail (Lair:8)
  20 spiny frogs
  3 rime drakes
  11 ice devils
  A yaktaur (shapeshifter) (Depths:4)
  4 swamp worm zombies (Swamp:4)
  A redback zombie (Vaults:1)
  2 efreet
  8 kobold demonologists
  A spark wasp simulacrum (Depths:1)
  A freezing wraith (Vaults:4)
  87 yaktaurs
  3 tengu conjurers
  10 komodo dragons
  An ancient zyme (Abyss:2)
  A hellwing (Depths:3)
  2 red devils
  4 trolls
  3 spriggan druids
  4 hydra zombies (Swamp:4)
  A jumping spider (shapeshifter) (Depths:5)
  6 jumping spiders
  2 polar bears (shapeshifter)
  8 polar bears (Lair:8)
  21 two-headed ogres
  23 blink frogs
  10 boulder beetles
  10 bog bodies
  2 raiju (Abyss:3)
  6 giant leeches
  4 spectral swamp dragons (Swamp:4)
  126 slime creatures
  3 alligator zombies (Swamp:4)
  An ettin zombie (Depths:2)
  12 large abominations
  13 air elementals
  An iron dragon simulacrum (Depths:1)
  5 flying skulls (Abyss:3)
  6 shadows
  A stone giant simulacrum (Vaults:1)
  2 ettin skeletons (Depths:2)
  31 redbacks
  27 spriggans
  2 ynoxinuls
  5 tarantellas
  54 yaks
  4 wyverns
  2 fire elementals (D:13)
  A human (shapeshifter) (Depths:3)
  A wraith (D:15)
  3 hogs
  2 basilisks
  2 golden eyes (Slime:6)
  3 humans
  A wyvern (shapeshifter) (Vaults:3)
  A chaos spawn (Abyss:3)
  14 hippogriffs
  42 vampire mosquitoes
  4 neqoxecs
  Edmund (D:5)
  2 human simulacra
  4 wargs
  62 nagas
  17 insubstantial wisps
  2 mottled dragons
  3 spatial vortices (Abyss:3)
  16 swamp worms
  22 wolves
  An ogre zombie (Vaults:1)
  12 water moccasins
  A hell hound (shapeshifter) (Depths:5)
  16 porcupines
  A hell hound (D:13)
  16 small abominations
  6 eyes of draining
  An elf skeleton (Vaults:1)
  43 orc warriors
  6 sky beasts
  4 slaves
  An ice beast (D:10)
  A spriggan simulacrum (Depths:2)
  13 swamp drakes
  3 swamp dragon zombies (Swamp:4)
  9 black bears
  2 eyes of draining (shapeshifter)
  31 wasps
  6 phantoms
  4 necrophages
  48 ogres
  7 boggarts
  A human skeleton (Vaults:1)
  26 centaurs
  A big kobold (shapeshifter) (Vaults:3)
  2 big kobolds (Vaults:2)
  27 crocodiles
  31 giant frogs
  A yaktaur zombie (Vaults:1)
  4 gnoll sergeants (D:9)
  3 wyvern skeletons
  3 scorpions
  12 killer bees
  19 wights
  3 electric eels
  9 howler monkeys
  6 centaur zombies
  5 crimson imps
  14 hounds
  24 jellies
  18 starcursed masses
  A wasp zombie (D:11)
  3 giant frog zombies
  3 gnoll shamans (D:9)
  2 quasits (Abyss:2)
  18 orc priests
  An iron imp (Depths:3)
  23 orc wizards
  4 giant frog skeletons
  12 worker ants
  11 iguanas
  A spectral swamp drake (Swamp:4)
  7 hell rats
  42 sheep
  A hound zombie (D:5)
  13 adders
  A howler monkey skeleton (D:4)
  25 gnolls (D:9)
  32 river rats
  4 shadow imps
  28 white imps
  7 ufetubi
  An ooze (D:2)
  An adder skeleton (D:4)
  4 adder zombies
  4 worms
  4 dart slugs
  8 giant geckos
  124 orcs
  7 giant cockroaches
  18 goblins
  6 hobgoblins
  23 jackals
  5 quokkas
  8 bats
  A giant gecko skeleton (D:8)
  6 giant newts
  9 kobolds
  A quokka skeleton (D:4)
  A rat (shapeshifter) (Vaults:1)
  9 rats
  3 plants
  2 starspawn tentacles
2688 creatures vanquished.

Vanquished Creatures (collateral kills)
  A juggernaut (Depths:4)
  Norris (Vaults:3)
  A frost giant (Depths:5)
  Azrael (D:13)
  4 ettins
  A hell knight (Depths:2)
  Sigmund (D:4)
  A fire elemental (D:13)
  A centaur (D:13)
  A big kobold (Sewer)
  A quasit (D:5)
  Crazy Yiuf (D:2)
  An adder (D:2)
  A river rat (Sewer)
  A kobold (D:1)
  2 rats (Sewer)
20 creatures vanquished.

Vanquished Creatures (others)
  A golden dragon (Depths:5)
  A lich (Vaults:4)
  A frost giant (Slime:4)
  A yaktaur captain (Depths:5)
  A dancing weapon (Vaults:4)
  A shambling mangrove (Swamp:3)
  2 deep elf archers
  6 deep elf magi
  A large abomination (Abyss:3)
  A wasp (Swamp:3)
  A small abomination (Abyss:3)
  A white imp (IceCv)
  An ufetubus (IceCv)
  103 fungi
  A lurking horror (Abyss:2)
  37 plants
  11 spectral weapons
  6 starspawn tentacles
  186 starspawn tentacle segments
363 creatures vanquished.

Grand Total: 3071 creatures vanquished

Notes
Turn   | Place    | Note
--------------------------------------------------------------
     0 | D:1      | utis the Ogre Wizard began the quest for the Orb.
     0 | D:1      | Reached XP level 1. HP: 16/16 MP: 5/5
   156 | D:1      | Reached skill level 1 in Conjurations
   288 | D:1      | Reached XP level 2. HP: 21/24 MP: 1/6
   324 | D:1      | Learned a level 2 spell: Call Imp
   327 | D:1      | Learned a level 2 spell: Blink
  1624 | D:2      | Reached XP level 3. HP: 31/31 MP: 3/8
  1667 | D:2      | Learned a level 3 spell: Mephitic Cloud
  2492 | D:2      | Noticed Crazy Yiuf
  2589 | D:2      | Killed Crazy Yiuf
  2589 | D:2      | Reached XP level 4. HP: 39/39 MP: 1/10
  2661 | D:2      | Learned a level 2 spell: Repel Missiles
  2664 | D:2      | Learned a level 2 spell: Slow
  2727 | D:2      | Noticed Ijyb
  3453 | D:3      | Found a glowing drain.
  3482 | Sewer    | Entered a sewer
  3594 | Sewer    | Noticed a big kobold
  3818 | Sewer    | Killed a big kobold
  3818 | Sewer    | Reached skill level 5 in Spellcasting
  3818 | Sewer    | Reached skill level 1 in Hexes
  3818 | Sewer    | Reached XP level 5. HP: 45/45 MP: 10/12
  3891 | Sewer    | Found a white marble altar of Elyvilon.
  5454 | D:3      | Reached XP level 6. HP: 50/53 MP: 11/14
  5669 | D:4      | Noticed Sigmund
  5724 | D:4      | Reached skill level 1 in Air Magic
  5724 | D:4      | Reached skill level 1 in Poison Magic
  5918 | D:4      | Found a staircase to the Ecumenical Temple.
  5940 | Temple   | Entered the Ecumenical Temple
  6045 | Temple   | Became a worshipper of Warmaster Okawaru
  6070 | D:4      | Learned a level 3 spell: Conjure Flame
  6312 | D:4      | Reached skill level 1 in Fighting
  6407 | D:4      | Killed Sigmund
  6407 | D:4      | Reached * piety under Okawaru
  6407 | D:4      | Reached XP level 7. HP: 62/65 MP: 6/15
  6941 | D:4      | Found a burning altar of Makhleb.
  7209 | D:4      | Found a deep blue altar of Sif Muna.
  7681 | D:5      | Entered Level 5 of the Dungeon
  7682 | D:5      | Noticed Edmund
  7834 | D:5      | Found a bloodstained altar of Trog.
  8331 | D:5      | Reached skill level 1 in Maces & Flails
  8482 | D:5      | Found a shimmering altar of Xom.
  8482 | D:5      | Found a sacrificial altar of Ru.
  8781 | D:5      | Killed Edmund
  8781 | D:5      | Reached skill level 2 in Maces & Flails
  8781 | D:5      | Reached XP level 8. HP: 54/75 MP: 6/18
  9711 | D:6      | Found Fittiet's Gadget Boutique.
 10348 | D:6      | Found Vearreps's General Store.
 10380 | D:6      | Reached skill level 3 in Maces & Flails
 10629 | D:7      | Reached ** piety under Okawaru
 10857 | D:7      | yeah, an okawaru nerf was really necessary ...
 10893 | D:7      | Reached skill level 1 in Invocations
 11078 | D:7      | Reached XP level 9. HP: 51/85 MP: 20/20
 11824 | D:7      | Reached skill level 5 in Invocations
 11909 | D:7      | Noticed Pikel
 12845 | D:7      | Found an oddly glowing altar of Pakellas.
 12845 | D:7      | Found a blossoming altar of Fedhas.
 13057 | D:7      | Killed Pikel
 13057 | D:7      | Reached *** piety under Okawaru
 13057 | D:7      | Reached skill level 5 in Fighting
 13057 | D:7      | Reached skill level 4 in Maces & Flails
 13210 | D:8      | Reached skill level 5 in Maces & Flails
 13909 | D:8      | Reached XP level 10. HP: 96/96 MP: 22/22
 14742 | D:8      | Found a shimmering altar of Xom.
 15212 | D:9      | Reached skill level 6 in Maces & Flails
 15627 | D:9      | Found Borihei's Distillery.
 15784 | D:9      | Found a flagged portal.
 15789 | Bailey   | Entered a bailey
 15843 | Bailey   | Reached **** piety under Okawaru
 16497 | Bailey   | Noticed confidenceinterval's ghost (novice GrFi)
 16610 | Bailey   | Killed confidenceinterval's ghost
 17037 | Bailey   | Noticed an orc knight
 17037 | Bailey   | Noticed an orc knight
 17097 | Bailey   | Killed an orc knight
 17097 | Bailey   | Reached skill level 5 in Dodging
 17214 | Bailey   | Noticed an orc knight
 17238 | Bailey   | Killed an orc knight
 17238 | Bailey   | Received a gift from Okawaru
 17238 | Bailey   | Reached skill level 7 in Maces & Flails
 17238 | Bailey   | Reached skill level 5 in Hexes
 17402 | Bailey   | Killed an orc knight
 17709 | D:9      | Found a staircase to the Orcish Mines.
 17726 | D:9      | Gained mutation: You have very sharp teeth. [potion of beneficial mutation]
 17732 | D:9      | Bought a potion of heal wounds for 65 gold pieces
 17732 | D:9      | Bought a potion of heal wounds for 65 gold pieces
 17732 | D:9      | Bought a potion of curing for 39 gold pieces
 17732 | D:9      | Bought a potion of heal wounds for 65 gold pieces
 17812 | D:9      | Received a gift from Okawaru
 17812 | D:9      | Reached skill level 1 in Throwing
 18524 | D:9      | Reached XP level 11. HP: 105/109 MP: 24/24
 19645 | D:9      | hmm
 19925 | D:10     | Entered Level 10 of the Dungeon
 20104 | D:10     | Reached skill level 8 in Maces & Flails
 20179 | D:10     | Received a gift from Okawaru
 20888 | D:10     | Noticed a hill giant
 21192 | D:10     | Killed a hill giant
 21338 | D:11     | Noticed a purple ugly thing
 21377 | D:11     | Noticed a deep elf mage
 21407 | D:11     | Noticed Uberwunderbarhen's ghost (journeyman OpTm)
 21551 | D:11     | Killed Uberwunderbarhen's ghost
 21597 | D:11     | Reached ***** piety under Okawaru
 21597 | D:11     | Reached skill level 9 in Maces & Flails
 21789 | D:11     | Killed a deep elf mage
 21909 | D:11     | Reached skill level 10 in Spellcasting
 21914 | D:11     | Killed a purple ugly thing
 22028 | D:11     | Found a staircase to the Lair.
 22030 | D:11     | Noticed Erica
 22750 | D:11     | Reached XP level 12. HP: 102/122 MP: 24/26
 23215 | D:11     | Received a gift from Okawaru
 23215 | D:11     | Reached skill level 10 in Maces & Flails
 23216 | D:11     | Got a bloodstained great mace {god gift}
 23217 | D:11     | Identified the +3 great mace "Miogg" {antimagic, rN+} (Okawaru gifted it to you on level 11 of the Dungeon)
 23466 | D:11     | Noticed Nergalle
 23715 | D:11     | Killed Nergalle
 24363 | Lair:1   | Entered Level 1 of the Lair of Beasts
 24737 | Lair:1   | Noticed Uberwunderbarhen's ghost (journeyman OpTm)
 24753 | Lair:1   | Killed Uberwunderbarhen's ghost
 24814 | Lair:1   | Reached skill level 11 in Maces & Flails
 25267 | Lair:1   | Got a fine large shield
 25306 | Lair:1   | Received a gift from Okawaru
 25425 | D:11     | Reached skill level 10 in Fighting
 25425 | D:11     | Reached skill level 5 in Throwing
 25735 | Lair:1   | Noticed Harold
 26908 | Lair:2   | Got a faintly glowing short sword
 26909 | Lair:2   | Identified the +2 short sword of the Establishment {speed, +Fly Dex+5} (You found it on level 2 of the Lair of Beasts)
 27026 | Lair:2   | Reached skill level 12 in Maces & Flails
 27026 | Lair:2   | Reached XP level 13. HP: 121/135 MP: 25/27
 27675 | Lair:3   | Reached ****** piety under Okawaru
 27990 | Lair:3   | Reached skill level 1 in Evocations
 28126 | Lair:3   | Received a gift from Okawaru
 28201 | Lair:3   | Found a frozen archway.
 28323 | Lair:3   | hmmm
 28339 | Lair:3   | Identified the +0 large shield of Gallantry {rN+ Int-2 Slay+3 SInv} (You found it on level 1 of the Lair of Beasts)
 28835 | Lair:4   | Noticed Sonja
 28854 | IceCv    | Entered an ice cave
 30880 | Lair:3   | HP: 6/135 [seven-headed hydra (13)]
 31285 | Lair:2   | Reached skill level 5 in Evocations
 31486 | Lair:4   | Noticed Urug
 31499 | Lair:4   | Killed Urug
 31876 | Lair:4   | Received a gift from Okawaru
 32464 | Lair:4   | Found a staircase to the Swamp.
 32531 | Lair:4   | Received a gift from Okawaru
 32688 | Lair:4   | Killed Sonja
 32713 | Lair:4   | Learned a level 1 spell: Apportation
 33356 | Lair:4   | Reached XP level 14. HP: 133/144 MP: 29/29
 33366 | Lair:4   | Got an ancient amber ring
 33400 | Lair:4   | Identified the ring "Gojotu" {rElec rF+ rN+ MR+ Int-5} (You found it on level 4 of the Lair of Beasts)
 33630 | Lair:5   | Reached skill level 13 in Maces & Flails
 33930 | Lair:5   | Received a gift from Okawaru
 34083 | Lair:5   | Found a staircase to the Snake Pit.
 34903 | Lair:6   | Found a viscous altar of Jiyva.
 34903 | Lair:6   | Found a staircase to the Slime Pits.
 34967 | Lair:6   | Received a gift from Okawaru
 35819 | Lair:6   | Reached skill level 1 in Armour
 36514 | Lair:7   | Learned a level 3 spell: Confuse
 37205 | Lair:7   | Noticed Kirke
 37793 | Lair:7   | Learned a level 1 spell: Summon Butterflies
 38334 | Lair:7   | Noticed a sphinx
 38386 | Lair:7   | Killed Kirke
 38386 | Lair:7   | Reached skill level 5 in Armour
 38845 | Lair:8   | Entered Level 8 of the Lair of Beasts
 38988 | Lair:8   | Noticed Maud
 38998 | Lair:8   | Killed Maud
 39481 | Lair:8   | Received a gift from Okawaru
 39485 | Lair:8   | Got an ancient quarterstaff {god gift}
 40306 | Lair:8   | Identified the +6 quarterstaff of Urgency {drain, +Rage Str+2 Int+3} (Okawaru gifted it to you on level 8 of the Lair of Beasts)
 40486 | Lair:8   | Reached XP level 15. HP: 156/156 MP: 30/30
 40840 | Lair:8   | Reached skill level 14 in Maces & Flails
 40935 | Lair:8   | Received a gift from Okawaru
 41178 | Lair:8   | Received a gift from Okawaru
 41180 | Lair:8   | Got a steaming lajatang {god gift}
 41181 | Lair:8   | Identified the +9 lajatang of Qinwularch {drain, MR+} (Okawaru gifted it to you on level 8 of the Lair of Beasts)
 42027 | Orc:1    | Entered Level 1 of the Orcish Mines
 42275 | Orc:1    | Found Pajoewaa's Book Emporium.
 42589 | Orc:1    | Found Fuihivan's Armour Shoppe.
 42611 | Orc:1    | Found Naifya's Antique Armour Shop.
 42671 | Orc:1    | Noticed Erolcha
 42694 | Orc:1    | Killed Erolcha
 43078 | Orc:2    | Entered Level 2 of the Orcish Mines
 43358 | Orc:2    | Found a staircase to the Elven Halls.
 44117 | Orc:2    | Received a gift from Okawaru
 44118 | Orc:2    | Got a translucent giant spiked club {god gift}
 44126 | Orc:2    | Identified the +6 giant spiked club "Kein" {crush, MR+} (Okawaru gifted it to you on level 2 of the Orcish Mines)
 44127 | Orc:2    | ph
 45729 | Orc:2    | Found Woelon's Jewellery Boutique.
 45732 | Orc:2    | Found Teqeseah's Antique Weapon Shoppe.
 45753 | Orc:2    | Found Qumnapne's Book Shoppe.
 45755 | Orc:2    | Found Daptogey's Jewellery Boutique.
 45763 | Orc:2    | Bought a +5 ring of evasion for 935 gold pieces
 45791 | Orc:2    | Bought an uncursed ring of protection from cold for 425 gold pieces
 45856 | Orc:1    | Bought a +0 fire dragon armour for 780 gold pieces
 45993 | D:11     | Killed Erica
 46892 | D:12     | Noticed Psyche
 46895 | D:12     | Killed Psyche
 46940 | D:12     | Received a gift from Okawaru
 47043 | D:12     | Reached skill level 15 in Maces & Flails
 47480 | D:13     | Received a gift from Okawaru
 47853 | D:13     | Received a gift from Okawaru
 48136 | D:13     | Reached XP level 16. HP: 95/167 MP: 32/32
 48374 | D:13     | Noticed Bnni's ghost (journeyman DsFi)
 48386 | D:13     | Killed Bnni's ghost
 48929 | D:13     | Found a gate to the Vaults.
 49094 | D:13     | Noticed Azrael
 49108 | D:13     | Killed Azrael
 50242 | D:13     | Found a roughly hewn altar of Beogh.
 50753 | D:14     | Received a gift from Okawaru
 50754 | D:14     | Got a pitted giant spiked club {god gift}
 50777 | D:14     | Identified the +1 giant spiked club "Listig" {flame, *Drain rPois rC+++ Stlth-} (Okawaru gifted it to you on level 14 of the Dungeon)
 51165 | D:15     | Entered Level 15 of the Dungeon
 51187 | D:15     | Identified a +0 rod of ignition (12/12) (You found it on level 15 of the Dungeon)
 51209 | D:15     | Found a glowing golden altar of the Shining One.
 51616 | D:15     | Reached skill level 16 in Maces & Flails
 52436 | D:15     | Found a staircase to the Depths.
 52722 | D:15     | Received a gift from Okawaru
 53381 | Snake:1  | Entered Level 1 of the Snake Pit
 53929 | Snake:1  | Got a wizard robe
 54051 | Snake:1  | Received a gift from Okawaru
 54340 | Orc:1    | Bought a book of Maledictions for 450 gold pieces
 54344 | Orc:1    | Learned a level 3 spell: Tukima's Dance
 54461 | Lair:1   | Killed Harold
 54610 | Snake:1  | Received a gift from Okawaru
 54864 | Snake:1  | Received a gift from Okawaru
 54866 | Snake:1  | Got a slimy great mace {god gift}
 54867 | Snake:1  | Identified the +7 great mace "Killer Bee's Death" {crush, MR+ Int+4} (Okawaru gifted it to you on level 1 of the Snake Pit)
 55850 | Snake:2  | Reached XP level 17. HP: 178/178 MP: 33/33
 56509 | Snake:2  | Received a gift from Okawaru
 56553 | Snake:2  | Identified a scroll of acquirement
 56556 | Snake:2  | Identified a +9 rod of ignition (14/14) (You acquired it on level 2 of the Snake Pit)
 57211 | Snake:2  | Reached skill level 17 in Maces & Flails
 57234 | Snake:2  | Reached skill level 10 in Dodging
 60298 | Snake:2  | Received a gift from Okawaru
 60300 | Snake:2  | Got a warped giant spiked club {god gift}
 60301 | Snake:2  | Identified the +6 giant spiked club of Defiance {holy, *Drain +Inv Str+2 Dex+4} (Okawaru gifted it to you on level 2 of the Snake Pit)
 62365 | Snake:3  | Received a gift from Okawaru
 62933 | Snake:4  | Entered Level 4 of the Snake Pit
 62937 | Snake:4  | Received a gift from Okawaru
 63362 | Snake:2  | Reached skill level 18 in Maces & Flails
 63773 | Snake:3  | Received a gift from Okawaru
 64102 | Snake:4  | Received a gift from Okawaru
 64369 | Snake:4  | Reached XP level 18. HP: 191/191 MP: 35/35
 66213 | Snake:4  | Received a gift from Okawaru
 66479 | Snake:4  | Received a gift from Okawaru
 66482 | Snake:4  | Got a dazzling giant club {god gift}
 66483 | Snake:4  | Identified the +7 giant club of the Heart {freeze, rC++ rN+++ MR- MP+9} (Okawaru gifted it to you on level 4 of the Snake Pit)
 66990 | Snake:4  | Reached skill level 10 in Throwing
 68646 | Snake:4  | Got a serpentine rune of Zot
 68718 | Snake:4  | Received a gift from Okawaru
 68719 | Snake:4  | Got an iridescent giant spiked club {god gift}
 68744 | Snake:3  | Identified the +5 giant spiked club of Tension {crush, MP+9} (Okawaru gifted it to you on level 4 of the Snake Pit)
 69227 | Depths:1 | Entered Level 1 of the Depths
 69610 | D:15     | Reached skill level 19 in Maces & Flails
 69878 | Depths:1 | Noticed a juggernaut
 70082 | Depths:1 | Received a gift from Okawaru
 70082 | Depths:1 | Reached skill level 15 in Fighting
 70086 | Depths:1 | Got a warped hat {god gift}
 70125 | Depths:1 | Identified the +0 hat of Spite {*Contam rElec rN++} (Okawaru gifted it to you on level 1 of the Depths)
 70143 | Depths:1 | Found Yxkargh's Book Shoppe.
 70178 | Depths:1 | Gained mutation: You tend to lose your temper in combat. [mutagenic glow]
 70198 | Depths:1 | crap
 70520 | Lair:6   | Lost mutation: You tend to lose your temper in combat. [potion of cure mutation]
 70520 | Lair:6   | Lost mutation: You have very sharp teeth. [potion of cure mutation]
 71280 | Depths:1 | Found a gateway to Hell.
 71349 | Depths:1 | Reached XP level 19. HP: 201/201 MP: 33/37
 71804 | Vaults:1 | Entered Level 1 of the Vaults
 71804 | Vaults:1 | Noticed a lich
 71810 | Vaults:1 | Killed a lich
 72515 | Vaults:1 | Found Qivon's Gadget Emporium.
 72528 | Vaults:1 | Found Rebryl's Magic Scroll Shop.
 72702 | Vaults:1 | Received a gift from Okawaru
 72852 | Vaults:1 | Found Ryegoqes's Jewellery Emporium.
 72853 | Vaults:1 | Paralysed by an orc sorcerer for 4 turns
 73105 | Vaults:1 | Found a portal to a secret trove of treasure.
 73261 | Vaults:1 | Received a gift from Okawaru
 73265 | Vaults:1 | Got an ichor-stained giant spiked club {god gift}
 73266 | Vaults:1 | Identified the +7 giant spiked club of Cowardice {crush, +Fly MR+ Str+4 Dex+2} (Okawaru gifted it to you on level 1 of the Vaults)
 73400 | Vaults:1 | Found Biogu's Magic Scroll Boutique.
 73686 | Vaults:1 | Found a flickering gateway to a bazaar.
 73813 | Vaults:1 | Bought a scroll of blinking for 157 gold pieces
 73813 | Vaults:1 | Bought a scroll of enchant armour for 157 gold pieces
 74824 | Vaults:1 | Upgraded the game from 0.18-a0-1481-g708b138 to 0.18-a0-1485-g189885c
 74909 | Bazaar   | Entered a bazaar
 74911 | Bazaar   | Found Laemuck's Assorted Antiques.
 74919 | Bazaar   | Found Uwo Qai's Weapon Boutique.
 74940 | Bazaar   | Found Ymyod's Antique Armour Shoppe.
 74945 | Bazaar   | Found Axzux's Distillery.
 74954 | Bazaar   | Bought a potion of haste for 130 gold pieces
 74954 | Bazaar   | Bought a potion of curing for 39 gold pieces
 74954 | Bazaar   | Bought a potion of haste for 130 gold pieces
 74954 | Bazaar   | Bought a potion of heal wounds for 65 gold pieces
 75171 | Vaults:2 | Received a gift from Okawaru
 75791 | Vaults:2 | Reached skill level 20 in Maces & Flails
 77538 | Vaults:2 | Reached XP level 20. HP: 213/213 MP: 36/38
 77539 | Vaults:2 | Reached skill level 10 in Hexes
 77618 | Vaults:2 | Received a gift from Okawaru
 78477 | Vaults:2 | Reached skill level 10 in Armour
 78895 | Vaults:2 | Received a gift from Okawaru
 78898 | Vaults:2 | Reached skill level 15 in Spellcasting
 79718 | Vaults:3 | Received a gift from Okawaru
 80027 | Vaults:3 | Noticed Norris
 80060 | Vaults:3 | Killed Norris
 81039 | Vaults:3 | Noticed a lich
 81799 | Vaults:3 | Noticed a Brimstone Fiend
 81805 | Vaults:3 | Killed a lich
 82390 | Vaults:3 | Received a gift from Okawaru
 82645 | Vaults:2 | Received a gift from Okawaru
 82648 | Vaults:2 | Got an encrusted giant club {god gift}
 82656 | Vaults:2 | Identified the +1 giant club "Huc Cay" {crush, rF+ rC+ MP+9 Int+3} (Okawaru gifted it to you on level 2 of the Vaults)
 82694 | Vaults:3 | Reached XP level 21. HP: 114/223 MP: 38/40
 83319 | Vaults:3 | Noticed Aizul
 83346 | Vaults:3 | Killed Aizul
 83485 | Vaults:3 | Found a staircase to the Crypt.
 83689 | Vaults:4 | Received a gift from Okawaru
 84245 | Orc:2    | Bought a book of Battle for 640 gold pieces
 84249 | Orc:2    | Learned a level 3 spell: Regeneration
 84252 | Orc:2    | Learned a level 2 spell: Song of Slaying
 84255 | Orc:2    | Learned a level 2 spell: Shroud of Golubria
 84259 | Orc:2    | Learned a level 3 spell: Spectral Weapon
 84719 | Vaults:4 | Received a gift from Okawaru
 84723 | Vaults:4 | Reached skill level 1 in Necromancy
 84726 | Vaults:4 | Noticed Boris
 84739 | Vaults:4 | Killed Boris
 84739 | Vaults:4 | Received a gift from Okawaru
 84739 | Vaults:4 | Reached skill level 1 in Charms
 84755 | Vaults:4 | Noticed a lich
 84755 | Vaults:4 | Noticed Xtahua
 84755 | Vaults:4 | swell
 84977 | Vaults:4 | Killed Xtahua
 85051 | Vaults:4 | Killed a lich
 85767 | Vaults:4 | Noticed Wiglaf
 85788 | Vaults:4 | Killed Wiglaf
 86575 | Swamp:1  | Entered Level 1 of the Swamp
 86601 | Swamp:1  | Received a gift from Okawaru
 86952 | Swamp:1  | Received a gift from Okawaru
 87023 | Swamp:1  | Found a shadowy altar of Dithmenos.
 88626 | Swamp:2  | Reached skill level 5 in Necromancy
 88648 | Swamp:2  | Reached skill level 5 in Charms
 88648 | Swamp:2  | Reached skill level 1 in Translocations
 88699 | Swamp:2  | Noticed Frances
 88709 | Swamp:2  | Gained mutation: Scrolls take you a little longer to read. [a neqoxec]
 88713 | Swamp:2  | Gained mutation: You expend magic power (3 MP) to strengthen your wands. [a neqoxec]
 88716 | Swamp:2  | Gained mutation: You tend to lose your temper in combat. [a neqoxec]
 88880 | Swamp:2  | Killed Frances
 90080 | Lair:4   | Reached XP level 22. HP: 188/235 MP: 37/41
 90313 | D:9      | Bought a potion of cure mutation for 325 gold pieces
 90313 | D:9      | Lost mutation: You expend magic power (3 MP) to strengthen your wands. [potion of cure mutation]
 90313 | D:9      | Lost mutation: Scrolls take you a little longer to read. [potion of cure mutation]
 90313 | D:9      | Lost mutation: You tend to lose your temper in combat. [potion of cure mutation]
 90862 | Swamp:3  | wands ....
 90862 | Swamp:3  | I'm an idiot.
 91044 | Swamp:3  | Upgraded the game from 0.18-a0-1485-g189885c to 0.18-a0-1497-g788d838
 91343 | Orc:1    | Bought a book of Burglary for 1350 gold pieces
 91346 | Orc:1    | Learned a level 2 spell: Ensorcelled Hibernation
 91353 | Orc:1    | Learned a level 6 spell: Invisibility
 91358 | Orc:1    | Learned a level 4 spell: Passage of Golubria
 91361 | Orc:1    | Learned a level 2 spell: Swiftness
 91365 | Orc:1    | Learned a level 3 spell: Dazzling Spray
 91679 | Swamp:4  | Entered Level 4 of the Swamp
 92487 | Swamp:4  | Oh, no!
 92578 | Swamp:4  | Reached skill level 5 in Translocations
 93075 | Swamp:4  | Received a gift from Okawaru
 93076 | Swamp:4  | Got a fine robe {god gift}
 93236 | Swamp:4  | Got a decaying rune of Zot
 94481 | Depths:1 | Upgraded the game from 0.18-a0-1497-g788d838 to 0.18-a0-1507-g69458e0
 94619 | Depths:2 | Paralysed by a great orb of eyes for 2 turns
 95125 | D:6      | Bought a potion of haste for 120 gold pieces
 95125 | D:6      | Bought a scroll of teleportation for 36 gold pieces
 95125 | D:6      | Bought a scroll of teleportation for 36 gold pieces
 96003 | Depths:2 | Received a gift from Okawaru
 96152 | Depths:2 | Noticed Asterion
 96172 | Depths:2 | Killed Asterion
 96323 | Depths:2 | Received a gift from Okawaru
 96356 | Depths:2 | Got an iridescent great mace {god gift}
 96554 | Depths:2 | Reached skill level 1 in Summonings
 97134 | Depths:2 | Reached XP level 23. HP: 206/242 MP: 35/42
 97446 | Depths:1 | Bought a book of Enchantments for 650 gold pieces
 97681 | Vaults:1 | Learned a level 5 spell: Silence
 97993 | D:5      | Learned a level 4 spell: Cause Fear
 98553 | Depths:2 | Received a gift from Okawaru
 99130 | Depths:2 | Received a gift from Okawaru
 99131 | Depths:2 | Got a smoking giant spiked club {god gift}
 99132 | Depths:2 | Identified the +6 giant spiked club of the Pariah {crush, rC+ Str+3} (Okawaru gifted it to you on level 2 of the Depths)
100045 | Depths:3 | Received a gift from Okawaru
100362 | Depths:3 | Received a gift from Okawaru
100612 | Depths:3 | Received a gift from Okawaru
100631 | Depths:3 | Got a twisted giant club {god gift}
100632 | Depths:3 | Identified the +7 giant club of Ryoklom {crush, rPois} (Okawaru gifted it to you on level 3 of the Depths)
100884 | Depths:3 | Gained mutation: You regenerate slowly when monsters are visible. [a neqoxec]
100911 | Depths:3 | Found a one-way gate leading to the halls of Pandemonium.
100949 | Depths:3 | Found Igienn's Antique Armour Shop.
101470 | Depths:3 | Noticed a golden dragon
101481 | Depths:3 | Killed a golden dragon
101815 | Depths:4 | Received a gift from Okawaru
101847 | Depths:4 | Found a flickering gateway to a bazaar.
101856 | Bazaar   | Entered a bazaar
101864 | Bazaar   | Found Amuoloeh's Gadget Shop.
101877 | Bazaar   | Found Tinowkaill's Book Shop.
101914 | Bazaar   | Bought a book of Hinderance for 340 gold pieces
101974 | Depths:4 | Found a one-way gate to the infinite horrors of the Abyss.
102002 | Depths:4 | Found a magical portal.
102027 | WizLab   | Entered The Hall of Imedo the Hellbinder
102434 | Depths:4 | Reached XP level 24. HP: 248/259 MP: 41/42
102531 | Depths:4 | Noticed a juggernaut
102559 | Depths:4 | Killed a juggernaut
103063 | Depths:4 | Cast into level 2 of the Abyss (a deep elf demonologist)
103063 | Abyss:2  | Found a corrupted altar of Lugonu.
103065 | Abyss:2  | fuck
104083 | Abyss:3  | Gained mutation: You expend magic power (3 MP) to strengthen your wands. [a neqoxec]
104125 | Abyss:3  | Gained mutation: Your body sometimes deteriorates upon taking damage. [a neqoxec]
104262 | Abyss:3  | Lost mutation: Your body sometimes deteriorates upon taking damage. [a neqoxec]
104406 | Abyss:3  | Found a corrupted altar of Lugonu.
104564 | Abyss:3  | god, I hate the abyss.
104860 | Abyss:3  | Received a gift from Okawaru
105093 | Abyss:3  | Found a shadowy altar of Dithmenos.
105235 | Abyss:3  | great
105356 | Abyss:3  | Found a corrupted altar of Lugonu.
105370 | Abyss:3  | Fell from the grace of Okawaru
105370 | Abyss:3  | Became a worshipper of Lugonu the Unformed
105370 | Abyss:3  | Reached * piety under Lugonu
105376 | Depths:4 | Escaped the Abyss
105998 | Depths:4 | Reached skill level 21 in Maces & Flails
106192 | Depths:4 | Reached ** piety under Lugonu
108011 | Depths:4 | I'm really bad at this ...
108556 | Depths:4 | Reached skill level 22 in Maces & Flails
108947 | Depths:4 | Reached XP level 25. HP: 273/273 MP: 42/42
109258 | Depths:4 | Gained mutation: You are robust (+10% HP). [potion of beneficial mutation]
109273 | Depths:4 | Reached *** piety under Lugonu
109365 | Depths:4 | sigh
109546 | Depths:4 | Upgraded the game from 0.18-a0-1507-g69458e0 to 0.18-a0-1526-gcb34c7c
110313 | Depths:5 | Entered Level 5 of the Depths
110466 | Depths:5 | Found a corrupted altar of Lugonu.
110762 | Depths:5 | Reached skill level 23 in Maces & Flails
111183 | Depths:5 | Reached **** piety under Lugonu
111451 | Depths:5 | Found a gate to the Realm of Zot.
111501 | Depths:5 | Noticed an iron giant
111885 | Depths:5 | Reached skill level 10 in Invocations
112049 | Depths:5 | Killed an iron giant
112486 | Depths:5 | Noticed a juggernaut
112487 | Depths:5 | sigh
112495 | Depths:5 | Killed a juggernaut
112658 | Depths:5 | Reached ***** piety under Lugonu
113249 | Depths:5 | Found a gateway to a ziggurat.
113508 | Depths:5 | Reached skill level 24 in Maces & Flails
113988 | Slime:1  | Entered Level 1 of the Pits of Slime
113994 | Slime:1  | Gained mutation: You have sharp toenails. [a shining eye]
114032 | Slime:1  | Gained mutation: Your body sometimes deteriorates upon taking damage. [a shining eye]
114332 | D:9      | Bought a potion of curing for 39 gold pieces
114332 | D:9      | Bought a potion of curing for 39 gold pieces
114517 | Slime:1  | Gained mutation: You occasionally shout uncontrollably at your foes. [a shining eye]
114518 | Slime:1  | Lost mutation: You regenerate slowly when monsters are visible. [a shining eye]
115248 | Slime:2  | Gained mutation: You are dopey. (Int -2) [a shining eye]
115360 | Slime:2  | Lost mutation: You are robust (+10% HP). [a shining eye]
116333 | Slime:3  | Reached XP level 26. HP: 214/283 MP: 42/42
116477 | Slime:4  | Reached skill level 5 in Summonings
116941 | Slime:5  | Reached ****** piety under Lugonu
117104 | Slime:6  | Entered Level 6 of the Pits of Slime
118251 | Orc:1    | Learned a level 5 spell: Summon Mana Viper
118731 | Slime:6  | Noticed the Royal Jelly
118741 | Slime:6  | Killed the Royal Jelly
119432 | Slime:5  | Gained mutation: You are clumsy. (Dex -2) [a shining eye]
119435 | Slime:5  | Gained mutation: You are weak. (Str -2) [a shining eye]
119438 | Slime:5  | Gained mutation: Your magical capacity is low (-10% MP). [a shining eye]
119455 | Slime:5  | meh
119762 | Slime:6  | ooops
119764 | Slime:6  | HP: 5/284 [deep elf master archer/arrow[the fury of Okawaru] (38)]
119764 | Slime:6  | HP: 1/284 [deep elf master archer/arrow[the fury of Okawaru] (4)]
119917 | Slime:5  | that was ... stupid
120121 | Slime:5  | sigh
120142 | Slime:4  | HP: 9/284 [great orb of eyes (8)]
120154 | Slime:4  | HP: 7/284 [great orb of eyes (6)]
120168 | Slime:3  | HP: 5/284 [acid (9)]
120169 | Slime:3  | Splashed with acid

Vault maps used:
D:1:      scummos_arrival_checkerplants, dk_noncrumbling_2,
          minmay_misc_feat_more_columns, minivault_25, moated_statue,
          minmay_misc_feat_columns
D:2:      minmay_crystal_room, kennysheep_decorative_pillar,
          kennysheep_big_empty_room, uniq_iyjb, uniq_crazy_yiuf_cottage
D:3:      kennysheep_goblin_castle, portal_sewer_entry_f
D:4:      lemuel_doored_altar, minmay_temple_entry_crystal_x, serial_aquarium,
          aquarium_bridge_long_joined, aquarium_bridge_square,
          aquarium_window_corridor_1, aquarium_window_1, aquarium_window_fake,
          aquarium_view_2a, aquarium_view_2c, aquarium_pool_2, tgw_sif,
          uniq_sigmund
D:5:      overflow_temple_1_default, gammafunk_temple_overflow_wave,
          first_bread, uniq_edmund
D:6:      serial_shops, nicolae_shop_window_shopping, shop,
          kennysheep_generic_room_16
D:7:      amethyst_overflow_temple_binary, uniq_pikel
D:8:      tgw_xom
D:9:      orc_0_dummy, serial_shops, shop, serial_gnoll_camp,
          gnoll_camp_mini_doghouse, gnoll_camp_medium_02, gnoll_camp_medium_01,
          gnoll_camp_huts_basic, enter_bailey_3, grunt_livestock
D:11:     david_lair_generic, uniq_nergalle, uniq_erica
D:12:     uniq_psyche
D:13:     lightli_vaults_fourway_checkpoint, special_room, uniq_azrael
D:14:     grunt_decor_mini_mirrors
D:15:     grunt_enter_depths_hoard, corexii_hall_statues_deadend, tso_metal_star
Temple:   water_room_temple_a_12
Lair:1:   infiniplex_staircase_pool, uniq_harold
Lair:3:   portal_ice_cave_entry_imps, grunt_megastairs_2
Lair:4:   minmay_lair_oklob_chamber, swamp_mist, minivault_19, uniq_sonja,
          uniq_urug
Lair:5:   minmay_snake_entry_guardpost_small, grunt_megastairs_5
Lair:6:   dpeg_slime_entry_enclosed_altar, serial_bayou_shore_b
Lair:7:   uniq_kirke
Lair:8:   minmay_lair_end_enchanted_forest, uniq_maud
Swamp:1:  nicolae_swamp_godswood
Swamp:2:  nicolae_swamp_treefoil, uniq_frances
Swamp:3:  nicolae_swamp_stair_fork
Swamp:4:  swamp_pestilence, swamp_pool4, lightli_tree_ring
Snake:2:  st_stairs_7, grunt_ministairs_3, nicolae_snake_serpentine_hallways,
          spider_trap, nicolae_snake_round_shape_thing, lemuel_fruit_tree
Snake:3:  grunt_megastairs_4, serial_bayou_shore_b, serial_bayou_shore_a
Snake:4:  snake_pit, hangedman_snake_thin_pillar_pass, spider_trap
Slime:1:  cheibrodos_slime_lost_civilization_7
Slime:3:  cheibrodos_slime_lost_civilization_4
Slime:4:  basic_altar
Orc:1:    serial_shops, nicolae_shop_waterfront, shop, shop, uniq_erolcha
Orc:2:    st_orc_elflike
Vaults:1: vaults_dpeg_cross, vaults_dpeg_hooks, v_rooms_6,
          hangedman_vaults_trim, v_pattern_1, ontoclasm_vaults_idyll,
          grunt_vaults_hallway_short, nicolae_vaults_little_squares_3,
          grunt_vaults_diagonal, enter_trove_6, serial_shops, bzr_entry_dummy,
          nicolae_shop_waterfront, nicolae_shop_behind_doors, shop,
          nicolae_shop_waterfront
Vaults:2: nicolae_vaults_big_angled_halls, vaults_dpeg_ring, v_misc_18,
          nicolae_vaults_octagons, nicolae_vaults_circle_grid_a,
          vaults_room_stairs_pillars, ontoclasm_vaults_ligature, v_misc_9,
          vaults_dpeg_doors, v_misc_27, v_pattern_2,
          nicolae_vaults_little_squares_2, ontoclasm_vaults_ring_small,
          vaults_room_grid
Vaults:3: hangedman_vaults_trim, ontoclasm_vaults_idyll,
          ontoclasm_vaults_hangar, blue_anna_dwarven_crypt,
          hangedman_vaults_slither, nicolae_vaults_ring_of_whatevers,
          grunt_vaults_bifocal, hangedman_vaults_slice, hangedman_vaults_hat,
          vaults_room_corners, v_misc_10, vaults_room_semicircle,
          nicolae_vaults_statue_guard, uniq_aizul, uniq_norris
Vaults:4: v_alt_pattern_2, nicolae_vaults_theta, v_alt_pattern_6,
          vaults_mumra_chevron_long, nicolae_vaults_little_squares_3, v_misc_9,
          uniq_xtahua, uniq_boris, uniq_wiglaf
Depths:1: grunt_decor_arrowhead, serial_shops, nicolae_shop_waterfront,
          hell_entry, minmay_misc_feat_cross, st_stairs_14, minivault_12,
          grunt_megastairs_1
Depths:2: minmay_box_of_statues, lightli_too_deep,
          minmay_staircase_statues_hall_large, grunt_megastairs_3, uniq_asterion
Depths:3: grunt_house_of_mirrors, roderic_lattice_a, serial_shops,
          kennysheep_mini, pf_coc_iceberg, grunt_pan_entry_zigzag, st_stairs_9,
          hangedman_abyss_or_decor_stagger, grunt_ministairs_13
Depths:4: hangedman_grunt_twisty_little_passages, hangedman_geh_valley,
          infiniplex_staircase_zigzag_3, lightli_enter_wizlab_magi_temple,
          abyss_entry_small_statue_room, serial_shops, bzr_entry_customers
Depths:5: evilmike_zot_entry_diamond, enter_ziggurat_a, abyss_entry_flame_altar,
          pan_entry, hell_entry, nrook_mini_backslash
Abyss:3:  evilmike_abyss_rune_siren
Bazaar:   bazaar_kb_twisted_cavern, bazaar_jpeg_cross
Sewer:    sewer_kobolds
Bailey:   bailey_polearm_5, bailey
IceCv:    ice_cave_small_demon
WizLab:   wizlab_demon

Skill      XL: |  1  2  3  4  5  6  7  8  9 10 11 12 13 14 15 16 17 18 19 20 21 22 23 24 25 26 |
---------------+-------------------------------------------------------------------------------+-----
Conjurations   | 1 2 |  2.1
Spellcasting   | 4 5 7 8 9 10 11 12 13 14 15 | 15.7
Hexes          | 1 2 3 4 5 6 7 8 9 10 12 13 | 13.1
Air Magic      | 1 |  1.0
Poison Magic   | 1 |  1.1
Fighting       | 2 3 4 5 7 9 10 11 12 13 14 15 16 17 19 20 | 20.4
Dodging        | 2 3 4 5 6 7 8 9 10 11 12 13 14 | 14.4
Maces & Flails | 2 3 5 7 9 12 13 15 16 18 19 20 22 24 | 24.0
Invocations    | 2 6 11 12 | 12.0
Throwing       | 1 3 5 6 7 8 9 10 11 12 13 | 13.6
Evocations     | 7 |  7.1
Armour         | 5 6 7 8 9 10 11 | 11.1
Necromancy     | 5 |  5.0
Charms         | 5 6 |  6.0
Translocations | 3 8 |  8.3
Summonings     | 3 4 7 |  7.1
Stealth        | |  1.5

Action                   |  1- 3 |  4- 6 |  7- 9 | 10-12 | 13-15 | 16-18 | 19-21 | 22-24 | 25-27 || total
-------------------------+-------+-------+-------+-------+-------+-------+-------+-------+-------++-------
Melee: Whip              |     3 |     2 |    63 |   648 |       |       |       |       |       ||   716
       Quarterstaff      |       |    29 |       |       |       |       |       |       |       ||    29
       Short sword       |       |    74 |   159 |       |       |       |       |       |       ||   233
       Mace              |       |     9 |       |       |       |       |       |       |       ||     9
       Trident           |       |    13 |       |       |       |       |       |       |       ||    13
       Flail             |       |       |   294 |       |       |       |       |       |       ||   294
       Giant spiked club |       |       |    12 |   342 |  1114 |  1272 |  1519 |  1910 |  1134 ||  7303
       Great mace        |       |       |       |     7 |       |       |       |       |       ||     7
 Fire: Blowgun           |       |       |       |       |    11 |       |    52 |       |       ||    63
Throw: Stone             |       |     1 |    13 |     5 |       |       |       |       |       ||    19
       Tomahawk          |       |       |       |    47 |   116 |    43 |       |       |       ||   206
       Large rock        |       |       |       |     5 |    27 |   108 |   105 |    69 |   154 ||   468
       Javelin           |       |       |       |       |    24 |       |       |       |       ||    24
 Cast: Magic Dart        |    87 |   110 |    90 |    10 |     1 |       |       |       |       ||   298
       Call Imp          |     6 |     7 |    10 |     9 |       |       |       |       |       ||    32
       Mephitic Cloud    |     2 |     2 |    22 |    33 |       |       |       |       |       ||    59
       Slow              |       |     9 |   101 |   272 |   196 |     9 |     4 |       |       ||   591
       Repel Missiles    |       |     1 |     2 |     2 |     5 |    12 |    11 |    12 |    19 ||    64
       Blink             |       |       |     1 |     1 |     1 |     2 |     1 |    10 |    16 ||    32
       Conjure Flame     |       |       |       |     9 |    28 |     1 |       |       |       ||    38
       Confuse           |       |       |       |       |    21 |    10 |    13 |     5 |       ||    49
       Tukima's Dance    |       |       |       |       |       |     5 |     9 |       |       ||    14
       Apportation       |       |       |       |       |       |     1 |       |     6 |       ||     7
       Regeneration      |       |       |       |       |       |       |    51 |   367 |   281 ||   699
       Shroud of Golubri |       |       |       |       |       |       |    21 |    81 |    24 ||   126
       Spectral Weapon   |       |       |       |       |       |       |     7 |    37 |     3 ||    47
       Passage of Golubr |       |       |       |       |       |       |       |     3 |    17 ||    20
       Summon Butterflie |       |       |       |       |       |       |       |     2 |    16 ||    18
       Invisibility      |       |       |       |       |       |       |       |     2 |       ||     2
Invok: Heroism           |       |       |     6 |    12 |    22 |    38 |    15 |    37 |       ||   130
       Finesse           |       |       |       |       |     1 |       |     8 |     3 |       ||    12
       Depart the Abyss  |       |       |       |       |       |       |       |     1 |       ||     1
       Banish            |       |       |       |       |       |       |       |       |     1 ||     1
 Abil: Evoke Flight      |       |       |       |       |       |       |    10 |     6 |       ||    16
Evoke: Wand              |       |       |       |       |     5 |     7 |     3 |    18 |     6 ||    39
       Rod               |       |       |       |       |       |     4 |       |       |       ||     4
       Fan of gales      |       |       |       |       |       |     1 |     3 |     2 |     1 ||     7
       Sack of spiders   |       |       |       |       |       |       |     2 |     3 |       ||     5
       Phial of floods   |       |       |       |       |       |       |       |     1 |     1 ||     2
       Box of beasts     |       |       |       |       |       |       |       |       |     7 ||     7
  Use: Scroll            |     7 |     7 |     7 |    30 |    10 |    10 |    11 |    17 |    11 ||   110
       Potion            |       |     1 |       |    14 |     2 |     6 |     7 |     7 |     5 ||    42
 Stab: Confused          |       |     3 |     9 |    15 |     6 |     4 |     3 |     2 |       ||    42
       Distracted        |       |       |     1 |     2 |       |     1 |     2 |     2 |     1 ||     9
       Sleeping          |       |       |       |     3 |       |       |       |       |       ||     3
       Invisible         |       |       |       |       |       |       |       |     2 |       ||     2
  Eat: Chunk             |     5 |    11 |    18 |    39 |    62 |    28 |    38 |    35 |    16 ||   252
       Royal jelly       |       |     1 |       |     1 |     2 |       |       |     1 |       ||     5
       Fruit             |       |       |     2 |     3 |     1 |       |     4 |     5 |       ||    15
       Beef jerky        |       |       |     1 |       |       |       |     2 |     1 |       ||     4
       Bread ration      |       |       |     1 |       |       |    11 |     6 |     6 |     4 ||    28
       Pizza             |       |       |       |       |     2 |     1 |       |       |       ||     3
       Meat ration       |       |       |       |       |       |       |       |     4 |     4 ||     8
